 Dungeon Crawl Stone Soup version 0.24.0-1-gfbc8707122 (webtiles) character file.

Game seed: 6561934553593208357, levelgen mode: deterministic

2648 Aviak the Insei (level 9, -13/59 HPs)
             Began as an Octopode Transmuter on Oct 27, 2019.
             Was a Believer of Sif Muna.
             Collided with an adder (21 damage)
             ... caused by Harold
             ... on level 7 of the Dungeon.
             The game lasted 00:13:22 (6266 turns).

Aviak the Insei (Octopode Transmuter)               Turns: 6266, Time: 00:13:23

Health: -13/59     AC:  1    Str: 14    XL:     9   Next: 62%
Magic:  1/13       EV: 16    Int: 16    God:    Sif Muna [**....]
Gold:   346        SH:  5    Dex: 15    Spells: 8/14 levels left

rFire    . . .     SeeInvis .     - Unarmed
rCold    . . .     Gourm    .   o - +0 buckler
rNeg     + . .     Faith    .   (helmet restricted)
rPois    .         Spirit   .   h - amulet of regeneration
rElec    .         Reflect  .   c - ring of stealth
rCorr    .         Harm     .   v - ring of positive energy
MR       .....                  (no ring)
Stlth    +++.......             (no ring)
HPRegen  0.59/turn              (no ring)
MPRegen  0.13/turn              (no ring)
                                (no ring)
                                (no ring)

@: mighty, marked, very slightly contaminated, hasted, very quick
A: almost no armour, stealthy swim, amphibious, 8 rings, constrict 8, camouflage
1, gelatinous body 1
a: Channel Magic, Renounce Religion


You were on level 7 of the Dungeon.
You worshipped Sif Muna.
Sif Muna was pleased with you.
You were not hungry.

You visited 2 branches of the dungeon, and saw 8 of its levels.

You collected 346 gold pieces.

Inventory:

Missiles
 a - 126 arrows
Armour
 o - a +0 buckler (worn)
Jewellery
 c - a ring of stealth (left tentacle)
 h - an amulet of regeneration (around mantle)
 s - an uncursed amulet of guardian spirit
 v - a ring of positive energy (right tentacle)
Scrolls
 b - a scroll of immolation {unknown}
 d - a scroll of holy word {unknown}
 g - 7 scrolls of enchant weapon
 i - a scroll of blinking {unknown}
 k - 4 scrolls of remove curse {unknown}
 l - a scroll of amnesia {unknown}
 n - a scroll of random uselessness {unknown}
 p - a scroll of fear {unknown}
 q - a scroll of magic mapping {unknown}
 t - 4 scrolls of teleportation
 u - 2 scrolls of torment {unknown}
Potions
 f - 2 potions of haste
 j - 3 potions of ambrosia
Comestibles
 m - 16 rations


   Skills:
 - Level 4.4 Fighting
 + Level 5.7 Dodging
 - Level 4.0 Shields
 + Level 7.1 Unarmed Combat
 - Level 3.0 Spellcasting
 + Level 6.6 Transmutations
 - Level 3.1 Poison Magic


You had 8 spell levels left.
You knew the following spells:

 Your Spells              Type           Power        Failure   Level  Hunger
a - Beastly Appendage     Tmut           ###...       1%          1    #......
b - Sticks to Snakes      Tmut           ###.....     1%          2    ##.....
c - Spider Form           Tmut/Pois      ###.......   8%          3    ###....

Your spell library contained the following spells:

 Spells                   Type           Power        Failure   Level  Hunger
 Blade Hands              Tmut           ###.......   32%         5    ######.
 Ice Form                 Ice/Tmut       ##......     43%         4    #####..


Dungeon Overview and Level Annotations

Branches:
Dungeon (7/15)             Temple (1/1) D:5

Altars:
Ashenzari
Cheibriados
Dithmenos
Elyvilon
Gozag
Hepliaklqana
Kikubaaqudgha
Makhleb
Nemelex Xobeh
Okawaru
Qazlal
Ru
Sif Muna
Trog
Uskayaw
Vehumet
Wu Jian
Xom
Yredelemnul
Zin
The Shining One

Shops:
D:2 *   D:6 [

Annotations:
D:4 3 runed translucent doors, Erac's ghost, amateur HaFi; Erac's ghost, amateur MfTm; Erac's ghost, novice HOBe
D:7 Harold


Innate Abilities, Weirdness & Mutations

You cannot wear most types of armour.
You are very stealthy in the water. (Stealth+)
You are amphibious.
You can wear up to eight rings at the same time.
You can use your tentacles to constrict eight enemies at once.
Your skin changes colour to match your surroundings (Stealth+).
Your rubbery body absorbs attacks. (AC +1, EV +1)


Message History

Confirm with . or Enter, or press ? or * to list all spells.
You don't have enough magic to cast that spell.
You struggle against the net.
Harold hits your ball python with a +0 mace!
Your ball python dies!
Your adder barely misses Harold.
Harold shouts!
You shred the net and break free!
Okay, then.
Your adder bites Harold but does no damage.
Harold points at you and mumbles some strange words.
The harpoon shot hits your adder.
Your adder bites Harold.
Harold gestures at you while chanting. The harpoon shot misses your adder.
The harpoon shot hits you!
* * * LOW HITPOINT WARNING * * *
You are yanked forward by the harpoon shot.
You collide with your adder!
Your adder dies!
You die...

#....# #.......
#....# #.......
##....# #.......
...#### #.....#
#....... .......
#.....# #.....<.
#...... #.....#
.........
#...... #.....#
###+###..
#...... #.....#
+.. #...(..
#@....# #..
#......###.(...#
#..
.......KK@.....#
#..
.......###.....#
#.. .......
#.....# .......
#.....# .......
#.....# .######
#.##### ...


You could see Harold.

Vanquished Creatures
  2 water moccasins
  2 orc warriors
  A black bear (D:6)
  6 ogres
  A centaur (D:7)
  A big kobold (D:7)
  A bullfrog (D:7)
  A scorpion (D:4)
  9 howler monkeys
  2 bullfrog zombies (D:6)
  2 crimson imps
  A centaur zombie (D:7)
  2 hounds (D:5)
  5 orc wizards
  A bullfrog skeleton (D:7)
  Terence (D:2)
  Natasha (thrice) (D:3)
  2 iguanas (D:6)
  3 worker ants
  A killer bee zombie (D:5)
  A hound skeleton (D:6)
  A howler monkey skeleton (D:6)
  5 adders
  8 gnolls
  2 shadow imps
  2 oozes
  An adder zombie (D:5)
  2 worms
  3 dart slugs
  6 leopard geckos
  14 orcs
  3 giant cockroaches
  4 goblins
  10 hobgoblins
  3 quokkas
  2 ball pythons
  12 bats
  7 frilled lizards
  11 kobolds
  A quokka skeleton (D:4)
  7 rats
152 creatures vanquished.

Vanquished Creatures (collateral kills)
  2 ice beasts (D:6)
  A worm (D:2)
  A leopard gecko (D:6)
4 creatures vanquished.

Grand Total: 156 creatures vanquished

Notes
Turn   | Place    | Note
-------+----------+-------------------------------------------
     0 | D:1      | Aviak the Octopode Transmuter began the quest for the Orb.
     0 | D:1      | Reached XP level 1. HP: 13/13 MP: 3/3
   204 | D:1      | Reached XP level 2. HP: 16/18 MP: 5/5
   878 | D:2      | Reached XP level 3. HP: 23/23 MP: 4/6
   882 | D:2      | Learned a level 2 spell: Sticks to Snakes
   886 | D:2      | Learned a level 3 spell: Spider Form
  1050 | D:2      | Found Zin's Purification Station.
  1082 | D:2      | Found a glowing silver altar of Zin.
  1263 | D:2      | Noticed Terence
  1287 | D:2      | Killed Terence
  1287 | D:2      | Reached skill level 1 in Poison Magic
  1287 | D:2      | Reached XP level 4. HP: 16/29 MP: 3/7
  1702 | D:3      | Noticed Natasha
  1708 | D:3      | Killed Natasha
  1826 | D:3      | Reached XP level 5. HP: 26/34 MP: 3/9
  1859 | D:3      | Noticed Natasha
  1864 | D:3      | Killed Natasha
  2136 | D:3      | Noticed Natasha
  2146 | D:3      | Killed Natasha
  2153 | D:3      | Noticed an orc warrior
  2208 | D:3      | Reached skill level 4 in Unarmed Combat
  2208 | D:3      | Reached XP level 6. HP: 21/41 MP: 1/10
  2220 | D:3      | Killed an orc warrior
  2667 | D:4      | Found an opulent altar of Gozag.
  2728 | D:4      | Found a runed translucent gate.
  2730 | D:4      | Found a runed translucent gate.
  2731 | D:4      | Found a runed translucent gate.
  2732 | D:4      | Noticed Erac's ghost (novice HOBe)
  2732 | D:4      | Noticed Erac's ghost (amateur MfTm)
  2733 | D:4      | Noticed Erac's ghost (amateur HaFi)
  2904 | D:4      | Reached XP level 7. HP: 36/46 MP: 11/11
  3032 | D:4      | Found a burning altar of Makhleb.
  3044 | D:4      | Found a sacrificial altar of Ru.
  3197 | D:4      | Found a radiant altar of Vehumet.
  3501 | D:5      | Entered Level 5 of the Dungeon
  3657 | D:5      | Found a staircase to the Ecumenical Temple.
  3669 | Temple   | Entered the Ecumenical Temple
  3789 | Temple   | Became a worshipper of Sif Muna the Loreminder
  3850 | D:5      | Reached skill level 5 in Unarmed Combat
  4114 | D:5      | Reached XP level 8. HP: 45/54 MP: 12/12
  4424 | D:6      | Found Joku's Antique Armour Shoppe.
  4482 | D:6      | Reached skill level 1 in Shields
  4489 | D:6      | Reached skill level 5 in Transmutations
  4711 | D:6      | Reached * piety under Sif Muna
  4889 | D:6      | Reached skill level 6 in Unarmed Combat
  5307 | D:6      | Reached XP level 9. HP: 59/59 MP: 13/13
  5516 | D:7      | Reached skill level 5 in Dodging
  5781 | D:7      | Reached ** piety under Sif Muna
  5793 | D:7      | Reached skill level 7 in Unarmed Combat
  6214 | D:7      | Noticed Harold
  6244 | D:7      | HP: 1/59 [Harold/+0 mace (18)]
  6266 | D:7      | Collided with an adder

Levels and vault maps discovered:
D:1:      nicolae_arrival_memento_mori, layout_loops_corners,
          serial_park_tiny_pond
D:2:      layout_basic, zin_purify, uniq_terence
D:3:      layout_loops_ring, first_ration, uniq_natasha
D:4:      layout_basic, nicolae_overflow_quartered_altars,
          gammafunk_ghost_cemetery
D:5:      layout_loops_ring, minmay_temple_entry_glassed_door
D:6:      layout_rooms, serial_shops, nicolae_shop_statue_plus
D:7:      layout_basic, tgw_trog, uniq_harold
Temple:   eino_temple_rhombus

Skill      XL: |  1  2  3  4  5  6  7  8  9 |
---------------+----------------------------+-----
Fighting       | 2 3 4 |  4.4
Poison Magic   | 1 2 3 |  3.1
Spellcasting   | 3 |  3.0
Transmutations | 3 4 5 6 |  6.6
Unarmed Combat | 4 5 6 7 |  7.1
Dodging        | 3 4 5 |  5.7
Shields        | 2 4 |  4.0

Action                   |  1- 3 |  4- 6 |  7- 9 || total
-------------------------+-------+-------+-------++-------
Melee: Unarmed           |    96 |   125 |   288 ||   509
       Constrict         |    24 |    18 |    23 ||    65
       Tentacles         |    18 |    17 |    24 ||    59
       Punch             |     1 |     2 |     5 ||     8
       Kick              |     5 |     7 |    15 ||    27
 Cast: Beastly Appendage |     9 |     2 |     6 ||    17
       Sticks to Snakes  |     3 |     5 |    17 ||    25
       Spider Form       |       |    10 |    19 ||    29
  Use: Scroll            |     1 |     4 |     1 ||     6
       Potion            |     1 |     4 |     5 ||    10
 Stab: Sleeping          |    10 |     5 |     1 ||    16
       Invisible         |     3 |     3 |       ||     6
       Distracted        |       |       |     3 ||     3
  Eat: Chunk             |     1 |     7 |    14 ||    22
Armor: Skin              |     8 |     9 |    12 ||    29
Dodge: Dodged            |    45 |    90 |   196 ||   331
Block: Buckler           |       |       |     8 ||     8
